 Dungeon Crawl Stone Soup version 0.32-a0-981-g384da2ce10 (webtiles) character file.

Game seed: 5946053927663450734

304 holysushi the Gusty (level 6, -1/36 HPs)
             Began as an Octopode Air Elementalist on Apr 21, 2024.
             Hit by a boomerang thrown by an orc (2 damage)
             ... on level 3 of the Dungeon.
             The game lasted 00:03:51 (2693 turns).

holysushi the Gusty (Octopode Air Elementalist)     Turns: 2693, Time: 00:03:52

Health: -1/36      AC:  1    Str:  5 (7)  XL:     6   Next: 38%
Magic:  9/9        EV: 12    Int: 15 (17) God:
Gold:   134        SH:  0    Dex: 14 (15) Spells: 2/9 levels left

rFire   . . .        h - +1 short sword (venom)
rCold   . . .        (no shield)
rNeg    . . .        (helmet restricted)
rPois   .            (no amulet)
rElec   .            b - +4 ring of slaying
rCorr   .            (no ring)
SInv    .            (no ring)
Will    .....        (no ring)
Stlth   +++++        (no ring)
HPRegen 0.26/turn    (no ring)
MPRegen 0.11/turn    (no ring)
                     (no ring)

%: no passive effects
@: brilliant, lethally poisoned (-1 -> -2), attractive, slowed, very slow
A: almost no armour, amphibious, 8 rings, camouflage 1, gelatinous body 1,
nimble swimmer 1, tentacles
a: no special abilities


You were on level 3 of the Dungeon.
You visited 1 branch of the dungeon, and saw 3 of its levels.

You collected 134 gold pieces.

Inventory:

Hand Weapons
 h - a +1 short sword of venom (weapon)
Jewellery
 b - a +4 ring of slaying (left tentacle)
 k - a +4 ring of slaying
Scrolls
 d - 6 scrolls of identify {unknown}
 f - a scroll of fear {unknown}
 i - a scroll of silence {unknown}
 j - a scroll of teleportation {unknown}
 m - 4 scrolls of blinking {unknown}
 o - 2 scrolls of vulnerability {unknown}
 s - a scroll of amnesia {unknown}
 u - a scroll of immolation {unknown}
Potions
 a - a potion of magic
 g - a potion of heal wounds {unknown}
 l - 2 potions of mutation {unknown}
 n - a potion of cancellation {unknown}
 p - a potion of curing {unknown}
 q - a potion of berserk rage {unknown}
 r - 2 potions of attraction
 t - a potion of might {unknown}


   Skills:
 + Level 1.9 Short Blades
 - Level 2.1 Dodging
 + Level 4.8 Stealth
 - Level 2.1 Spellcasting
 - Level 1.2 Conjurations
 + Level 5.7 Air Magic


You had 2 spell levels left.
You knew the following spells:

 Your Spells              Type           Power      Damage    Failure   Level
a - Shock                 Conj/Air       72%        1d7       5%          1
b - Static Discharge      Conj/Air       36%        3-5/arc   8%          2
d - Airstrike             Air            14%        2d(2-18)  22%         4

Your spell library contained the following spells:

 Spells                   Type           Power      Damage    Failure   Level
 Swiftness                Air            28%        N/A       6%          3
 Ignite Poison            Fire/Alch      2%         N/A       91%         4
 Sticky Flame             Fire/Alch      2%         2d4       91%         4
 Ignition                 Fire           1%         3d3       100%        8


Dungeon Overview and Level Annotations

Branches:
Dungeon (3/15) Zot: 15308

Altars:
Fedhas
Trog

Shops:
D:1 *


Innate Abilities, Weirdness & Mutations

You cannot wear most types of armour.
You are amphibious.
You can wear up to eight rings at the same time.
Your skin changes colour to match your surroundings (Stealth+).
Your rubbery body absorbs attacks. (AC +1, EV +1)
You are camouflaged when in or above water. (Stealth+)
You have tentacles for arms and can constrict up to eight enemies at once.


Message History

The orc hits you with a +0 flail. The orc attacks as it pursues you!
The orc closely misses you.
The orc wizard gestures at you while chanting.
The magic dart hits you!
Casting: Shock (safe; 4% risk of failure)
Confirm with . or Enter, or press ? or * to list all spells.
Okay, then.
The orc throws a boomerang.
The boomerang hits you.
The orc throws a boomerang.
The boomerang hits you.
The kobold brigand throws a curare-tipped dart.
The curare-tipped dart barely misses you.
The orc throws a boomerang.
The boomerang misses you.
You enter the deep water.
The kobold brigand throws a curare-tipped dart.
The curare-tipped dart hits you.
You are poisoned.
You have difficulty breathing.
* * * LOW HITPOINT WARNING * * *
You feel yourself slow down.
* * * LOW HITPOINT WARNING * * *
You feel very sick.
The orc wizard mumbles some strange words.
The orc wizard flickers and vanishes!
Deactivating autopickup; reactivate with Ctrl-A.
It was a potion of degeneration.
There was something very wrong with that liquid.
You feel weakened.
You feel dopey.
You feel clumsy.
* * * LOW HITPOINT WARNING * * *
You feel sick.
The kobold brigand throws a curare-tipped dart.
The curare-tipped dart barely misses you.
It was a potion of brilliance.
You feel clever all of a sudden.
* * * LOW HITPOINT WARNING * * *
You feel sick.
It was a potion of attraction.
You feel attractive to monsters.
* * * LOW HITPOINT WARNING * * *
You feel sick.
The orc throws a boomerang.
The boomerang hits you.
You die...

'## #....≈≈~.# #.... ..##
#....~≈~.# #....
...###....≈≈~.#... #....
....##....~≈~.#.. #....
.....#...P~≈###'# #....
.....#....~≈#..g#############''''
.....#....~≈#...#o..o............
....##....~≈#####≈~~≈og~≈~~g~....
...###..(.~≈≈≈≈≈@≈≈≈≈≈≈≈≈≈≈≈~.)..
†.## #....~~≈~~≈~~≈~K~~~~~~~≈....
)## #...............o.....)÷....
.###########.########.#########.#
......######.# #.########..#
......†......# #.##.<.......
..###.######## #.##.########
#####)#### #.##.# ##. †#.##....#
#.##.## #..


You could see a kobold brigand, a gnoll and 4 orcs.

Vanquished Creatures
  3 howler monkeys (D:3)
  2 hounds (D:3)
  A gnoll (D:3)
  4 adders
  3 ribbon worms
  A dart slug (D:2)
  4 orcs (D:3)
  3 bats
  3 endoplasms
  4 giant cockroaches
  4 goblins
  8 hobgoblins
  16 jackals
  2 quokkas (D:1)
  4 ball pythons
  A frilled lizard (D:3)
  4 kobolds
  6 rats
73 creatures vanquished.

Notes
Turn   | Place    | Note
-------+----------+-------------------------------------------
     0 | D:1      | holysushi the Octopode Air Elementalist began the quest for
                  | the Orb.
     0 | D:1      | Reached XP level 1. HP: 11/11 MP: 3/3
   299 | D:1      | Reached XP level 2. HP: 17/17 MP: 3/5
   375 | D:1      | Found Wusifale's Assorted Antiques.
   466 | D:1      | Learned a level 2 spell: Static Discharge
   830 | D:2      | Reached XP level 3. HP: 21/21 MP: 6/6
   932 | D:2      | Reached skill level 4 in Air Magic
  1398 | D:2      | Found a blossoming altar of Fedhas.
  1549 | D:2      | Reached XP level 4. HP: 18/27 MP: 7/7
  1764 | D:3      | Found a bloodstained altar of Trog.
  1990 | D:3      | Reached skill level 5 in Air Magic
  2001 | D:3      | Learned a level 4 spell: Airstrike
  2336 | D:3      | Reached XP level 5. HP: 31/31 MP: 8/8
  2356 | D:3      | Reached skill level 1 in Short Blades
  2390 | D:3      | Reached XP level 6. HP: 36/36 MP: 9/9
  2677 | D:3      | Identified the +5 great mace of Eskar {flame, rC+ Int+4}
  2693 | D:3      | HP: 1/36 [poisoned by a kobold brigand (curare-tipped
                  | dart)]
  2693 | D:3      | Hit by a boomerang thrown by an orc

Illustrated notes

Levels and vault maps discovered:
D:1:      spicycebolla_arrival_ecumenical, layout_loops_ring, serial_shops,
          nicolae_shop_rolling_square
D:2:      layout_loops_corners, basic_altar
D:3:      lemuel_castle_with_subvaults [lemuel_castle_interior_carwin_2],
          layout_loops_corners, lemuel_crystal_altar, grunt_decor_fettered,
          uniq_robin

Skill      XL: |  1  2  3  4  5 |
---------------+----------------+-----
Stealth        | 3 4 |  4.8
Air Magic      | 4 5 |  5.7
Short Blades   | 1 |  1.9
Dodging        | |  2.1
Spellcasting   | |  2.1
Conjurations   | |  1.2

Action                     |  1- 3 |  4- 6 || total
---------------------------+-------+-------++-------
  Melee: Unarmed           |    17 |       ||    17
         Constrict         |    15 |    25 ||    40
         Short sword       |    27 |    63 ||    90
         Tentacles         |     6 |    12 ||    18
   Cast: Shock             |     9 |     5 ||    14
    Use: Potion            |       |     3 ||     3
   Stab: Sleeping          |     8 |     7 ||    15
 Armour: Skin              |    19 |    31 ||    50
  Dodge: Dodged            |    24 |    36 ||    60

Table legend: (Time is in decaauts)
 A = Elapsed time spent in this place.
 B = Non-inter-level travel time spent in this place.
 C = Inter-level travel time spent in this place.
 D = Time resting spent in this place.
 E = Time spent auto-exploring this place.
 F = Levels seen in this place.
 G = Mean time per level.
                   A        B        C        D        E       F      G
               +--------+--------+--------+--------+--------+-----+--------+
         Total |   2690 |   2641 |     49 |     95 |   1985 |   3 |  896.7 |
       Dungeon |   2690 |   2641 |     49 |     95 |   1985 |   3 |  896.7 |
               +--------+--------+--------+--------+--------+-----+--------+

Top non-repeatable levels by time:
     D:3: 1033 daAuts
     D:2: 871 daAuts
     D:1: 785 daAuts
